[Event "*** Titled Tuesday Blitz"]
[Site "Chess.com"]
[Date "2019.06.04"]
[Round "5"]
[White "Oleg_Papayan"]
[Black "Koksik_13"]
[Result "1-0"]
[WhiteElo "2556"]
[BlackElo "2626"]
[TimeControl "180+2"]
[EndTime "14:05:59 PDT"]
[Termination "Oleg_Papayan won on time"]

1. e4 e6 2. d4 d5 3. Nc3 Bb4 4. exd5 exd5 5. Bd3 Nc6 6. a3 Bxc3+ 7. bxc3 Nge7 8. Ne2 Bf5 9. Ng3 Bxd3 10. Qxd3 O-O 11.
O-O Re8 12. Re1 Ng6 13. Bd2 Qd7 14. f4 Rxe1+ 15. Rxe1 Re8 16. Rf1 Nf8 17. f5 f6 18.
c4 Kh8 19. c3 Qf7 20. c5 Nd7 21.
Bf4 b6 22. Qb5 Ndb8 23. cxb6 axb6 24. a4 h6 25. h3 Kh7 26. Kh2 Qd7 27. Rf3 Re1 28.
Nf1 Qe7 29. Qxd5 Na5 30. Re3 Rxe3 31. Nxe3 Nd7 32. Qe6 Qd8 33. Nd5 Nf8 34. Qf7 c6 35. Ne7 Nd7 36. Bxh6 Qf8 37. Qxf8 Nxf8 38. Bf4 Nd7 39.
Bc7 1-0

[Event "*** Titled Tuesday Blitz"]
[Site "Chess.com"]
[Date "2019.06.04"]
[Round "5"]
[White "PawnEatingZombie"]
[Black "H3nriqueTV"]
[Result "0-1"]
[WhiteElo "2133"]
[BlackElo "2169"]
[TimeControl "180+2"]
[EndTime "14:06:03 PDT"]
[Termination "H3nriqueTV won by resignation"]

1. d4 d5 2. c4 e5 3. dxe5 d4 4. Nf3 Nc6 5. a3 Bg4 6. b4 Bxf3 7. exf3 Nxe5 8. Bd3 Nf6 9. O-O Be7 10. Ra2 O-O 11.
Re2 Nxd3 12. Qxd3 c5 13. Rfe1 Bd6 14. bxc5 Bxc5 15. Nd2 Qc7 16. Nb3 Rad8 17. g4 b6 18. a4 Nd7 19. f4 Bb4 20. Rd1 Nc5 21. Nxc5 Bxc5 22. f5 Rfe8 23. Rde1 Rxe2 24. Rxe2 Qd7 25. Bf4 Qxa4 26. g5 Qa1+ 27. Kg2 Qc3 28. Qe4 g6 29. f6 Bf8 30. Bc7 Rc8 31. Qc6 Qc1 32. h4 Qd1 33. Re8 Qg4+ 34. Kf1 d3 35. Bd6 Qe2+ 36.
Kg2 Qxe8 0-1

[Event "*** Titled Tuesday Blitz"]
[Site "Chess.com"]
[Date "2019.06.04"]
[Round "5"]
[White "Bryakin_Mikhail"]
[Black "gena217"]
[Result "0-1"]
[WhiteElo "2725"]
[BlackElo "2906"]
[TimeControl "180+2"]
[EndTime "14:06:08 PDT"]
[Termination "gena217 won by resignation"]

1. d4 Nf6 2. c4 e6 3. g3 c5 4. d5 exd5 5. cxd5 d6 6. Nc3 g6 7. Bg2 Bg7 8. Nf3 O-O 9. O-O Re8 10.
Bf4 Ne4 11. Nxe4 Rxe4 12. Nd2 Rxf4 13. gxf4 Bxb2 14. Rb1 Bg7 15. Qb3 Nd7 16. Nc4 Nb6 17. Nxb6 axb6 18. Qxb6 Qe7 19. e4 Bh6 20. e5 Bxf4 21.
Qxd6 Qh4 22. h3 Bxh3 23. Rb3 Bxg2 24. Kxg2 Qh2+ 25. Kf3 Bxe5 26. Qd7 Qf4+ 27. Kg2 Qh2+ 28. Kf3 Ra6 29. Qg4 Rf6+ 30. Ke2 Rf4 31. Qc8+ Kg7 32.
Qxc5 Re4+ 33. Re3 Bd4 34. Rxe4 Bxc5 35. Kd3 Qd6 36. Kc4 b5+ 37. Kxb5 Qxd5 38. Rc4 Bd6+ 0-1

[Event "*** Titled Tuesday Blitz"]
[Site "Chess.com"]
[Date "2019.06.04"]
[Round "5"]
[White "GelmanAlexander"]
[Black "RojonR"]
[Result "1-0"]
[WhiteElo "2603"]
[BlackElo "2393"]
[TimeControl "180+2"]
[EndTime "14:06:09 PDT"]
[Termination "GelmanAlexander won by resignation"]

1. d4 Nf6 2. Nc3 d5 3. Bf4 c6 4. f3 Bf5 5. g4 Bg6 6. h4 h5 7. g5 Nfd7 8. e4 e6 9. Nge2 Qb6 10.
Qd2 Bb4 11. a3 Qa5 12. O-O-O Bxa3 13. bxa3 Qxa3+ 14. Kb1 dxe4 15. fxe4 Na6 16. Qc1 Qa5 17. Bd6 Nb6 18. Qa3 Qxa3 19. Bxa3 Nc4 20. Bc1 O-O-O 21.
Nf4 b5 22. Bxc4 bxc4 23. Nxg6 fxg6 24. Rhf1 Rhf8 25. Ba3 Rxf1 26. Rxf1 Rd7 27. e5 Kb7 28. Rf4 Nc7 29. Ne4 Kb6 30. Bc5+ Ka5 31. Rf3 Nb5 32. Nd6 c3 33. Nxb5 cxb5 34. Rxc3 b4 35. Rc4 Rb7 36. Kb2 Ka4 37. c3 a5 38. cxb4 axb4 39. Bd6 Rb5 40.
Rc5 Rb7 41. Rc7 1-0

[Event "*** Titled Tuesday Blitz"]
[Site "Chess.com"]
[Date "2019.06.04"]
[Round "5"]
[White "Tacticalon"]
[Black "severomorskij"]
[Result "0-1"]
[WhiteElo "2704"]
[BlackElo "2792"]
[TimeControl "180+2"]
[EndTime "14:06:13 PDT"]
[Termination "severomorskij won by resignation"]

1. d4 Nf6 2. c4 e6 3. Nc3 Bb4 4.
e3 b6 5. Ne2 Ne4 6. Qc2 Bb7 7.
a3 Bxc3+ 8. Nxc3 Nxc3 9. Qxc3 O-O 10. b4 d6 11. Bb2 Qg5 12. f3 Qh4+ 13. g3 Qh5 14. e4 f5 15. d5 e5 16. O-O-O fxe4 17.
fxe4 Nd7 18. Qc2 Rf7 19. h4 Raf8 20. Bh3 Kh8 21. Be6 Rf2 22. Rd2 Rf1+ 23. Rxf1 Rxf1+ 24. Rd1 Rxd1+ 25. Qxd1 Qxd1+ 26. Kxd1 Nf6 27. Ke2 Nxe4 28. g4 g6 29. Ke3 Nf6 30. g5 Nh5 31. c5 Nf4 32.
Bd7 Bxd5 33. a4 Kg7 34. cxb6 cxb6 35. a5 Kf7 36. axb6 axb6 37. b5 Ke7 38. Bc6 Ke6 39. Ba3 Ng2+ 0-1

[Event "*** Titled Tuesday Blitz"]
[Site "Chess.com"]
[Date "2019.06.04"]
[Round "5"]
[White "xamax2000"]
[Black "penguingm1"]
[Result "0-1"]
[WhiteElo "2667"]
[BlackElo "2915"]
[TimeControl "180+2"]
[EndTime "14:06:15 PDT"]
[Termination "penguingm1 won by checkmate"]

1. e4 e5 2. Nf3 Nc6 3. Bb5 a6 4. Ba4 Nf6 5. O-O Be7 6. Re1 b5 7. Bb3 d6 8. c3 O-O 9. h3 Bb7 10.
d4 Re8 11. Ng5 Rf8 12. Nf3 Qd7 13. Nbd2 Rae8 14. Nf1 exd4 15. cxd4 Na5 16. Bc2 d5 17. Ne5 Qd8 18. exd5 Bxd5 19. Ng3 Bb4 20. Bd2 Bxd2 21. Qxd2 Nc4 22. Qf4 Nxb2 23. Nf5 Be6 24. Nxg7 Kxg7 25. Nc6 Nh5 26. Qe5+ Qf6 27. Qxh5 Qh6 28. Qe5+ f6 29.
Qxc7+ Rf7 30. Qg3+ Kh8 31. d5 Rg7 32. Qc3 Rxg2+ 33.
Kxg2 Rg8+ 34. Kh1 Bxh3 35. Re3 Bg2+ 36. Kg1 Qh1# 0-1

[Event "*** Titled Tuesday Blitz"]
[Site "Chess.com"]
[Date "2019.06.04"]
[Round "5"]
[White "Dr-Bassem"]
[Black "temus_galaktionov"]
[Result "1-0"]
[WhiteElo "2860"]
[BlackElo "2710"]
[TimeControl "180+2"]
[EndTime "14:06:16 PDT"]
[Termination "Dr-Bassem won by resignation"]

1. e4 c6 2. d4 g6 3. Nc3 Bg7 4.
Nf3 d6 5. Be3 Nd7 6. Qd2 e5 7.
O-O-O Qa5 8. Kb1 Ngf6 9. Nb5 Qxd2 10. Nxd6+ Ke7 11. Rxd2 Ng4 12. Nxc8+ Raxc8 13. Bg5+ f6 14. Bh4 g5 15. Bg3 Rhd8 16. h3 Nh6 17. Bc4 Nb6 18. Be2 exd4 19. Rxd4 Rxd4 20. Nxd4 Rd8 21. Nf5+ Nxf5 22. exf5 Bf8 23. h4 h6 24. hxg5 fxg5 25.
Be5 Rd5 26. f6+ Ke6 27. Bc3 Rd8 28. Bg4+ Kf7 29. Bh5+ Ke6 30. Re1+ Kd7 31. f7 Nd5 32. Be5 Ra8 33. Bh2 Nf6 34. Bg6 Bg7 35. Bf5+ Kd8 36. Bd6 a5 37. Be7+ Kc7 38. Bxf6 Rf8 39. Re7+ Kd6 40.
Rd7+ Kc5 41. Bxg7 1-0

[Event "*** Titled Tuesday Blitz"]
[Site "Chess.com"]
[Date "2019.06.04"]
[Round "5"]
[White "FedaMaster"]
[Black "spicycaterpillar"]
[Result "0-1"]
[WhiteElo "2571"]
[BlackElo "2837"]
[TimeControl "180+2"]
[EndTime "14:06:20 PDT"]
[Termination "spicycaterpillar won by checkmate"]

1. e4 c5 2. Nf3 d6 3. d4 cxd4 4. Nxd4 Nf6 5. f3 e5 6. Bb5+ Nbd7 7. Nf5 d5 8. Bg5 Qa5+ 9. Nc3 d4 10. Bxf6 gxf6 11.
Nxd4 Bb4 12. Bxd7+ Bxd7 13. Ne2 O-O-O 14. Qd5 Qxd5 15. exd5 Rhg8 16. O-O f5 17. Rad1 Kb8 18. f4 f6 19. g3 h5 20. Kf2 h4 21. Rd3 Rh8 22. Ke1 hxg3 23. hxg3 Rdg8 24. a3 Bc5 25. b4 Bb6 26. d6 Be6 27. Nd5 Bd8 28. c4 Rh2 29. c5 Kc8 30. Rf2 Rh1+ 31. Rf1 Rh2 32. Rf2 Rh1+ 33. Kd2 Ra1 34. Nc1 e4 35. d7+ Bxd7 36.
Rd4 Rxg3 37. Rh2 Rg1 38. Nb3 Ra2+ 39. Kc3 Rxh2 40. b5 Be6 41. c6 Rh3+ 42. Kb4 Rb1 43.
Nc3 Rxb3+ 44. Kc5 Bb6+ 45. Kd6 Bxd4 46. Nd5 Bxd5 47. c7 Bc4 48. b6 Rxb6+ 49. Ke7 Rh7+ 50. Kf8 Rf7+ 51. Kg8 Re6 52. a4 Re8# 0-1

[Event "*** Titled Tuesday Blitz"]
[Site "Chess.com"]
[Date "2019.06.04"]
[Round "5"]
[White "matiss90"]
[Black "Caterpiller35"]
[Result "0-1"]
[WhiteElo "2445"]
[BlackElo "2429"]
[TimeControl "180+2"]
[EndTime "14:06:23 PDT"]
[Termination "Caterpiller35 won by checkmate"]

1. e4 c5 2. Nf3 Nc6 3. d3 e6 4. Nbd2 d5 5. g3 Nf6 6. Bg2 Be7 7. O-O Qc7 8. c3 O-O 9. a3 dxe4 10. dxe4 e5 11. b4 Rd8 12. Qe2 a6 13. Bb2 Be6 14.
Rac1 h6 15. Nh4 b5 16. c4 cxb4 17. cxb5 axb5 18. Nf5 Bf8 19. axb4 Ra2 20. Nf3 Qb7 21. Qc2 Nxb4 22. Qb1 Nxe4 23. Nxh6+ gxh6 24. Nxe5 f5 25. Ng6 Nd3 26. Bf6 Nxc1 27. Bxd8 Ne2+ 28. Kh1 Bd5 29. Nh4 N2c3 30. Qd3 Rxf2 31. Kg1 Ne2+ 32. Kh1 Rxf1+ 33.
Bxf1 Nf2# 0-1

[Event "*** Titled Tuesday Blitz"]
[Site "Chess.com"]
[Date "2019.06.04"]
[Round "5"]
[White "orrbaverlekszarnyon"]
[Black "Caisachess"]
[Result "1-0"]
[WhiteElo "2238"]
[BlackElo "2416"]
[TimeControl "180+2"]
[EndTime "14:06:23 PDT"]
[Termination "orrbaverlekszarnyon won by resignation"]

1. e4 e5 2. Nf3 Nc6 3. Bc4 Bc5 4. b4 Bxb4 5. c3 Ba5 6. d4 Nge7 7. d5 Nb8 8. Nxe5 O-O 9. d6 cxd6 10. Qxd6 Bc7 11.
Qd5 Bxe5 12. Qxe5 Nbc6 13. Qd6 Qa5 14. O-O Qe5 15. Bf4 Qxe4 16. Nd2 Qg6 17. Rfe1 Nf5 18. Qc7 d6 19. Nf3 Be6 20. Bd3 Qg4 21. Bxf5 Qxf5 22.
Bxd6 Rfc8 23. Qxb7 Bd5 24. Re3 Nd8 25. Qb5 Ne6 26. Re5 Qc2 27. Qxd5 Rxc3 28. Qxa8+ Rc8 29. Qe4 Qc3 30. Rxe6 Qxa1+ 31. Qe1 Qxe1+ 32. Rxe1 h6 33. a4 Rc4 34. a5 Ra4 35. Bc7 1-0

[Event "*** Titled Tuesday Blitz"]
[Site "Chess.com"]
[Date "2019.06.04"]
[Round "5"]
[White "pedromartinez91"]
[Black "SARGISMV"]
[Result "0-1"]
[WhiteElo "2409"]
[BlackElo "2417"]
[TimeControl "180+2"]
[EndTime "14:06:26 PDT"]
[Termination "SARGISMV won by resignation"]

1. e4 e6 2. d4 d5 3. Nc3 Bb4 4. Qd3 dxe4 5. Qxe4 Nf6 6. Qh4 Nc6 7.
Nf3 h6 8. Bg5 Be7 9. O-O-O Nd5 10. Bxe7 Qxe7 11. Nxd5 exd5 12. Re1 Be6 13. Bb5 Qxh4 14.
Bxc6+ bxc6 15. Nxh4 Kd7 16. g3 g5 17. Ng2 Kd6 18.
h4 c5 19. dxc5+ Kxc5 20. c3 a5 21. Ne3 a4 22. a3 Rab8 23. Ref1 Rhg8 24. hxg5 hxg5 25.
Rd1 c6 26. Rd4 Kb5 27. Rh5 c5 28. Rd2 Kc6 29. Rh6 Rbd8 30. Nf5 Kb5 31. Ne3 d4 32. cxd4 cxd4 33. Nc2 Kc4 34. Rh1 d3 35. Ne3+ Kb3 36. Rhd1 Ka2 37. Rxd3 Rc8+ 38. Kd2 Bb3 39. Rc1 Kxb2 40.
Re1 Kxa3 41. Rc1 Kb2 42. Rdc3 0-1

[Event "*** Titled Tuesday Blitz"]
[Site "Chess.com"]
[Date "2019.06.04"]
[Round "5"]
[White "adriangschnitzer"]
[Black "dcremisi"]
[Result "0-1"]
[WhiteElo "2460"]
[BlackElo "2277"]
[TimeControl "180+2"]
[EndTime "14:06:31 PDT"]
[Termination "dcremisi won by resignation"]

1. c4 b6 2. e4 c5 3. Nc3 Bb7 4. Nf3 g6 5. d4 cxd4 6. Nxd4 Bg7 7. Be3 Nf6 8. Bd3 Nc6 9. Nc2 O-O 10. O-O Rc8 11. f4 d6 12. Rc1 Nd7 13. Qd2 Nc5 14. b3 Nxd3 15. Qxd3 Qd7 16. Nd4 Nxd4 17. Bxd4 Bxd4+ 18. Qxd4 Rfd8 19. Nd5 Bxd5 20. exd5 Rc5 21. f5 Rdc8 22.
Rc3 b5 23. fxg6 fxg6 24. Rh3 bxc4 25. Rxh7 e5 26. Qxc5 Kxh7 27. Qe3 c3 28. h4 c2 29.
Rc1 Qe7 30. h5 gxh5 31. Qh3 Qe8 32. Qf5+ Kg7 33. Rxc2 Rxc2 34. Qxc2 Qe7 35. Qe4 Qg5 36. a4 Qc1+ 37. Kh2 Qf4+ 38. Qxf4 exf4 39. Kh3 Kf6 40. Kh4 Ke5 41. Kxh5 Kxd5 42. Kg4 Ke4 43. b4 d5 44. g3 f3 45. Kh3 Ke3 0-1

[Event "*** Titled Tuesday Blitz"]
[Site "Chess.com"]
[Date "2019.06.04"]
[Round "5"]
[White "chessking2151"]
[Black "ulises2013"]
[Result "1-0"]
[WhiteElo "2582"]
[BlackElo "2576"]
[TimeControl "180+2"]
[EndTime "14:06:35 PDT"]
[Termination "chessking2151 won by resignation"]

1. d4 g6 2. Nf3 Bg7 3. e4 c5 4.
dxc5 Qa5+ 5. c3 Nf6 6. e5 Ng4 7. Bf4 Qxc5 8. Qd4 Qa5 9. b4 Qd8 10. h3 Nc6 11. Qe4 Nh6 12. Bc4 O-O 13. O-O d6 14. Rd1 Qb6 15. g4 Kh8 16. Na3 dxe5 17. Nxe5 f5 18. Qe2 fxg4 19. Bxh6 Bxh6 20. Nf7+ Rxf7 21. Bxf7 g3 22. Nc4 Qxf2+ 23. Qxf2 gxf2+ 24. Kxf2 Bf5 25. Bd5 Bg7 26. Ne3 Bxh3 27. Rac1 Rf8+ 28. Ke2 Ne5 29. Rh1 Bc8 30. Rhf1 Rd8 31. Rcd1 Ng4 32.
Bf3 Rxd1 33. Rxd1 Nxe3 34. Rd8+ Bf8 35. Kxe3 Kg7 36. Rxc8 1-0

[Event "*** Titled Tuesday Blitz"]
[Site "Chess.com"]
[Date "2019.06.04"]
[Round "5"]
[White "Sebastian"]
[Black "vovachesss"]
[Result "1-0"]
[WhiteElo "2891"]
[BlackElo "2621"]
[TimeControl "180+2"]
[EndTime "14:06:39 PDT"]
[Termination "Sebastian won by resignation"]

1. e4 c6 2. d4 g6 3. Nc3 Bg7 4. Nf3 d5 5. h3 dxe4 6. Nxe4 Nf6 7. Nc5 O-O 8. Be2 Nbd7 9. Nd3 b6 10.
O-O Bb7 11. c4 e6 12. Be3 Qe7 13. b4 c5 14. dxc5 e5 15. Nd2 e4 16. Nf4 bxc5 17. b5 Ne5 18. Qc2 Rac8 19. Rad1 Rfd8 20. a4 g5 21. Nd5 Nxd5 22. cxd5 f5 23. Nc4 f4 24. d6 Qf6 25. Nxe5 Qxe5 26. Bc4+ Kh8 27. Bc1 Rxd6 28. Bb2 Rd4 29. Bxd4 cxd4 30. Qb3 e3 31. Be2 f3 32. gxf3 Rc3 33. Qf7 Rc2 34.
Rxd4 exf2+ 35. Kg2 h6 36. Rd8+ Kh7 37. Bd3+ Be4 38.
Bxe4+ Qxe4 39. fxe4 1-0

[Event "*** Titled Tuesday Blitz"]
[Site "Chess.com"]
[Date "2019.06.04"]
[Round "5"]
[White "NicoChasin"]
[Black "Joseph_Truelson"]
[Result "1/2-1/2"]
[WhiteElo "2488"]
[BlackElo "2283"]
[TimeControl "180+2"]
[EndTime "14:06:43 PDT"]
[Termination "Game drawn by repetition"]

1. e4 e5 2. Nf3 Nc6 3. Bc4 Nf6 4. d3 h6 5. O-O d6 6. a4 g5 7. c3 Be7 8. Nbd2 O-O 9. a5 Kh8 10. b4 a6 11. Ne1 Nh7 12. Qh5 Kg7 13. Nc2 f5 14.
exf5 Bxf5 15. Ne3 Bg6 16. Qe2 Nf6 17. Nd5 Nxd5 18. Bxd5 Bf6 19. Ne4 Qc8 20. Bb2 Ne7 21. Bb3 Qd7 22. c4 Nc6 23. Bc3 Rae8 24. f3 Nd4 25.
Qb2 Nxb3 26. Qxb3 c6 27. Rae1 Bxe4 28. fxe4 Kg6 29. Rf5 Be7 30. Ref1 Rxf5 31. Rxf5 Rf8 32. g4 Rxf5 33. gxf5+ Kg7 34. Qd1 Bf6 35. Qh5 Qf7 36. Qxf7+ Kxf7 37. Kf2 h5 38. h3 Ke7 39. Kg3 d5 40. c5 dxe4 41. dxe4 Bg7 42. Bd2 Bf6 43. h4 g4 44. Bg5 Kf7 45. Bd2 Ke7 46. Bc3 Kf7 47.
Bd2 Ke7 1/2-1/2

[Event "*** Titled Tuesday Blitz"]
[Site "Chess.com"]
[Date "2019.06.04"]
[Round "5"]
[White "Keranke"]
[Black "Zarikovs1999"]
[Result "1/2-1/2"]
[WhiteElo "2840"]
[BlackElo "2639"]
[TimeControl "180+2"]
[EndTime "14:06:43 PDT"]
[Termination "Game drawn by repetition"]

1. d4 Nf6 2. c4 c5 3. d5 b5 4. cxb5 a6 5. b6 d6 6. Nc3 Nbd7 7. Nf3 g6 8. e4 Bg7 9. Be2 O-O 10. O-O Rb8 11. Re1 Nxb6 12. a4 Nbd7 13. a5 Rb4 14. Nd2 e6 15. Nc4 exd5 16. exd5 Ng4 17. Nxd6 Nxf2 18. Kxf2 Qh4+ 19. Kg1 Bd4+ 20. Kh1 Be5 21. h3 Qg3 22. Kg1 Qh2+ 23. Kf1 Bxd6 24. Bf3 Rd4 25. Qe2 Bg3 26. Be3 Qh1+ 27. Bg1 Ne5 28. Qxe5 Bxe5 29. Rxe5 Rf4 30. Kf2 Bxh3 31. Rg5 Rb8 32. Kg3 Rbb4 33. Re1 Rg4+ 34. Rxg4 Rxg4+ 35. Kf2 Rxg2+ 36. Bxg2 Qxg2+ 37. Ke3 Qg3+ 38. Kd2 Qf4+ 39.
Be3 Qb4 40. Kc1 Bf5 41. Bh6 f6 42. Re7 Qb3 43. Re2 Qc4 44. d6 Qd3 45. Re8+ Kf7 46.
Re7+ Kg8 47. Re8+ Kf7 48. Re7+ Kg8 49. Re8+ 1/2-1/2

[Event "*** Titled Tuesday Blitz"]
[Site "Chess.com"]
[Date "2019.06.04"]
[Round "5"]
[White "Cryptochess"]
[Black "Valuebet2000"]
[Result "1/2-1/2"]
[WhiteElo "2650"]
[BlackElo "2544"]
[TimeControl "180+2"]
[EndTime "14:06:43 PDT"]
[Termination "Game drawn by agreement"]

1. e4 c6 2. d4 d5 3. Nc3 dxe4 4. Nxe4 Bf5 5. Ng3 Bg6 6. h4 h6 7. Nf3 Nd7 8. h5 Bh7 9. Bd3 Bxd3 10. Qxd3 e6 11. Bd2 Ngf6 12. O-O-O Be7 13. Ne4 O-O 14.
Nxf6+ Nxf6 15. g4 Nxg4 16. Rhg1 f5 17. Qe2 Qd5 18. c4 Qe4 19. Qxe4 fxe4 20. Rxg4 Rxf3 21. Bxh6 Bf6 22. Bxg7 Bxg7 23. h6 Rf7 24. hxg7 Rxg7 25. Rxe4 Rf8 26. Rd2 Rf6 27. Kc2 Kf7 28. Kd3 Rg2 29. Ke3 Rh2 30. Rf4 Rxf4 31. Kxf4 Kf6 32. Ke4 b5 33. cxb5 cxb5 34. Rc2 Ke7 35. Ke3 Kd6 36.
Rc5 a6 37. a4 Rh3+ 38. f3 bxa4 39. Ra5 Rh2 40. Rxa6+ Kd5 41. Ra5+ Kd6 42. Rb5 Rc2 43. Rb4 a3 44. bxa3 Rc3+ 45. Ke4 Rxa3 46. Rb6+ Ke7 47. f4 Ra1 48. Rb3 Rc1 49. Re3 Kd6 50. Kf3 Rd1 51. Ke4 Rb1 52. Re2 Ra1 53.
Rb2 Re1+ 54. Kd3 Rd1+ 55. Ke3 Re1+ 56. Kf3 Rd1 57. Ke3 1/2-1/2

[Event "*** Titled Tuesday Blitz"]
[Site "Chess.com"]
[Date "2019.06.04"]
[Round "5"]
[White "fish7728"]
[Black "Alliswell998"]
[Result "0-1"]
[WhiteElo "2233"]
[BlackElo "2418"]
[TimeControl "180+2"]
[EndTime "14:06:43 PDT"]
[Termination "Alliswell998 won by resignation"]

1. d4 Nf6 2. c4 g6 3. f3 Bg7 4. e4 d6 5. Nc3 O-O 6. Be3 c5 7. Nge2 Nc6 8. Qd2 cxd4 9. Nxd4 Bd7 10. Be2 Rc8 11. b3 Re8 12. O-O Qc7 13. Rac1 Qb8 14. Nd5 e6 15. Nc3 b6 16. Rfd1 a6 17. Nxc6 Rxc6 18.
Bf4 Bf8 19. Qe3 Qb7 20. Rd2 d5 21. Rcd1 Bc5 22. Rd4 e5 23. Nxd5 Bxd4 24. Rxd4 exd4 25. Qxd4 Nxd5 26. cxd5 Rc2 27. Bh6 Rc1+ 28. Kf2 f6 29. Qxf6 Bb5 30. Bxc1 Bxe2 31. Kxe2 a5 32. Bb2 Re7 33.
Qh8+ Kf7 34. Qxh7+ Ke8 35. Qxg6+ Kd7 36. Qf5+ Ke8 37.
Qh5+ Rf7 38. Qe5+ Re7 39. Qh8+ Kd7 40. Qh7 Rxh7 0-1

[Event "*** Titled Tuesday Blitz"]
[Site "Chess.com"]
[Date "2019.06.04"]
[Round "5"]
[White "SloLev"]
[Black "LawrenceTrent"]
[Result "1/2-1/2"]
[WhiteElo "2502"]
[BlackElo "2685"]
[TimeControl "180+2"]
[EndTime "14:06:47 PDT"]
[Termination "Game drawn by repetition"]

1. d4 d5 2. Bf4 Nf6 3. e3 c5 4. c3 Nc6 5. Nd2 e6 6. Ngf3 cxd4 7. exd4 Nh5 8. Bg5 f6 9. Be3 Bd6 10. Bd3 Nf4 11. Bxf4 Bxf4 12. O-O O-O 13. Qe2 Qd6 14. g3 Bh6 15. Rae1 Bd7 16. Bc2 Rae8 17. Qd3 g6 18. Nh4 f5 19. f4 g5 20. fxg5 Bxg5 21. Nhf3 Bf6 22. Qe3 Kh8 23. Ne5 Bg7 24. Ndf3 Nxe5 25. dxe5 Qa6 26. a3 Ba4 27. Bxa4 Qxa4 28. Nd4 Qd7 29.
Qg5 b5 30. Qh5 a5 31. Rf4 b4 32. Rh4 h6 33. axb4 axb4 34. cxb4 Qf7 35. Qxf7 Rxf7 36.
Nb5 Rb8 37. Nd6 Ra7 38. Rc1 Bxe5 39. Rxh6+ Kg7 40. Rxe6 Bxd6 41. Rxd6 Rxb4 42. Rxd5 Rxb2 43. Rxf5 Raa2 44. Rh5 Rg2+ 45. Kh1 Kg6 46. Rh4 Rgb2 47. Rf1 Rc2 48. Kg1 Rg2+ 49. Kh1 Rgb2 50. Rh8 Kg7 51. Rh4 Kg6 52. Re1 Rc2 53. Kg1 Rg2+ 54. Kh1 Rgb2 55. Re6+ Kf5 56. Re1 Kg6 57. Rg4+ Kh5 58. Rh4+ Kg6 1/2-1/2

[Event "*** Titled Tuesday Blitz"]
[Site "Chess.com"]
[Date "2019.06.04"]
[Round "5"]
[White "saraswathii"]
[Black "51616516516"]
[Result "1-0"]
[WhiteElo "2323"]
[BlackElo "2325"]
[TimeControl "180+2"]
[EndTime "14:06:47 PDT"]
[Termination "saraswathii won by resignation"]

1. d4 Nf6 2. Bf4 g6 3. e3 Bg7 4. Nf3 c5 5. c3 b6 6. Be2 d6 7. h3 Nbd7 8. O-O Bb7 9. Nbd2 O-O 10. a4 a6 11. Qb3 Qc7 12. Rfe1 e5 13. dxe5 Nxe5 14.
Nxe5 dxe5 15. Bg3 Ne4 16. Nxe4 Bxe4 17. Rad1 Rfd8 18. Rxd8+ Qxd8 19. Rd1 Qc7 20. Bc4 h5 21. Rd2 Bf6 22. Qd1 Bc6 23. Rd6 Kg7 24. Rd2 b5 25.
Bb3 Qb7 26. f3 e4 27. Rd6 exf3 28. Rxf6 Kxf6 29. Qd6+ Kg7 30. Be5+ Kh7 31. Qf6 Rg8 32. Bxf7 f2+ 33. Kxf2 Bxg2 34. Bxg6+ Kh6 35. Be4+ 1-0

[Event "*** Titled Tuesday Blitz"]
[Site "Chess.com"]
[Date "2019.06.04"]
[Round "5"]
[White "ENEASZ"]
[Black "pedroholly22"]
[Result "1-0"]
[WhiteElo "2510"]
[BlackElo "2293"]
[TimeControl "180+2"]
[EndTime "14:06:48 PDT"]
[Termination "ENEASZ won by resignation"]

1. e4 e6 2. d4 d5 3. Bd3 c5 4.
exd5 exd5 5. Nf3 c4 6. Be2 Nf6 7. O-O Bd6 8. Re1 O-O 9. b3 b5 10.
a4 cxb3 11. axb5 bxc2 12. Qxc2 Nbd7 13. Bg5 h6 14. Bh4 Qb6 15. Nc3 Bb7 16. Na4 Qd8 17. Nc5 Bc8 18. Bd3 Qc7 19. Rac1 Bb7 20. Nxb7 Qxb7 21.
Qc6 Qb6 22. Ne5 Bb4 23. Red1 Nxe5 24. dxe5 Ng4 25. Bg3 Qxc6 26. bxc6 Rfe8 27. c7 f6 28. exf6 Nxf6 29. Bf5 Rac8 30. Bxc8 Rxc8 31. Be5 Ba3 32. Ra1 Bc5 33. Rac1 Ba3 34. Rc6 Nd7 35. Rxd5 Nxe5 36. Rxe5 Kf7 37. Ra5 Re8 38. g3 Bb4 39. Rxa7 Re7 40. Ra8 1-0

[Event "*** Titled Tuesday Blitz"]
[Site "Chess.com"]
[Date "2019.06.04"]
[Round "5"]
[White "bascheyaro"]
[Black "Witik"]
[Result "0-1"]
[WhiteElo "2795"]
[BlackElo "2627"]
[TimeControl "180+2"]
[EndTime "14:07:01 PDT"]
[Termination "Witik won by resignation"]

1. d4 d5 2. Nf3 e6 3. c4 c6 4. e3 Bd6 5. Nc3 f5 6. Bd3 Nf6 7. h3 O-O 8. g4 Ne4 9. gxf5 exf5 10. cxd5 cxd5 11. Qb3 Be6 12. Rg1 Kh8 13. Bd2 Nc6 14.
Bxe4 Na5 15. Qa4 fxe4 16. Ng5 Bg8 17. Ncxe4 dxe4 18. Qxa5 Qe7 19. Rg4 b6 20. Qb5 a6 21.
Qe2 Bd5 22. h4 h6 23. Nh3 Rac8 24. Nf4 Bxf4 25. exf4 Bc4 26. Qe3 Bd3 27. Bc3 b5 28. a3 a5 29. d5 Rf7 30. Rg6 b4 31. axb4 axb4 32. Be5 Kh7 33. h5 Rc2 34. Kd1 Qh4 35. Qg3 Qxh5+ 36. Rg4 b3 37. Ra8 Be2+ 38. Ke1 Bxg4 39.
Qg1 Bh3 40. f3 Qxf3 41. Rh8+ Kxh8 0-1

[Event "*** Titled Tuesday Blitz"]
[Site "Chess.com"]
[Date "2019.06.04"]
[Round "5"]
[White "Kawhi_Leonard2"]
[Black "armago"]
[Result "1-0"]
[WhiteElo "2260"]
[BlackElo "2072"]
[TimeControl "180+2"]
[EndTime "14:07:02 PDT"]
[Termination "Kawhi_Leonard2 won on time"]

1. e4 c5 2. Nf3 Nc6 3. d4 cxd4 4. Nxd4 Nf6 5. Nc3 e5 6. Ndb5 d6 7. Bg5 a6 8. Na3 b5 9. Nd5 Be7 10. Bxf6 Bxf6 11. c3 Bg5 12. Nc2 Ne7 13. h4 Bh6 14. a4 bxa4 15. Ncb4 O-O 16. Rxa4 a5 17. Nxe7+ Qxe7 18. Nd5 Qb7 19. b3 Kh8 20. Bc4 Bd7 21. Ra1 a4 22. b4 Rac8 23. Qe2 f5 24. Ba6 Qa8 25. Bxc8 Qxc8 26. O-O f4 27. Nb6 f3 28. Qxf3 Qd8 29. Qxf8+ Qxf8 30. Nxd7 Qd8 31. Rxa4 g5 32. Rfa1 Qxd7 33. Ra8+ Bf8 34. R1a7 Qg7 35. Rxg7 Kxg7 36. hxg5 Be7 37. Ra7 Kf7 38. b5 Ke6 39. b6 d5 40. b7 Bd6 41. Ra6 1-0

[Event "*** Titled Tuesday Blitz"]
[Site "Chess.com"]
[Date "2019.06.04"]
[Round "5"]
[White "rasmussvane"]
[Black "volcanoexplorer"]
[Result "1-0"]
[WhiteElo "2880"]
[BlackElo "2602"]
[TimeControl "180+2"]
[EndTime "14:07:04 PDT"]
[Termination "rasmussvane won by resignation"]

1. Nf3 Nf6 2. c4 e6 3. g3 b6 4. Bg2 Bb7 5. O-O Be7 6. d4 O-O 7. Re1 a5 8. Bf4 d6 9. Qc2 Be4 10. Qc1 Re8 11. Nc3 Bb7 12. e4 Nfd7 13. Qc2 Nc6 14.
Rad1 Qc8 15. e5 dxe5 16. dxe5 Nc5 17. h4 Nb4 18. Qb1 a4 19. h5 h6 20. g4 Bc6 21. a3 Qb7 22. Re3 Nba6 23. g5 hxg5 24.
Bxg5 Bxg5 25. Nxg5 Bxg2 26. Qh7+ Kf8 27. Rg3 Ke7 28.
Qxg7 Rf8 29. Rxg2 Nd7 30. Nh7 Rg8 31. Rxd7+ Kxd7 32. Qxf7+ Kc6 33. Rxg8 Rxg8+ 34. Qxg8 Kc5 35. Qxe6 c6 36. Ng5 Qg7 37. f4 Nc7 38. Qd6+ Kxc4 39. Qxc6+ Kb3 40. Ne2 Qg8 41. Qc3+ Ka2 42. Qc2 Nb5 43.
b3+ Kxa3 44. bxa4 Qd5 45. axb5 Kb4 46. Qb2+ Ka5 47. Qa3+ Kxb5 48. Nc3+ 1-0

[Event "*** Titled Tuesday Blitz"]
[Site "Chess.com"]
[Date "2019.06.04"]
[Round "5"]
[White "mouseWLZ"]
[Black "Msb2"]
[Result "1-0"]
[WhiteElo "2729"]
[BlackElo "2803"]
[TimeControl "180+2"]
[EndTime "14:07:13 PDT"]
[Termination "mouseWLZ won on time"]

1. d4 Nf6 2. Bf4 d5 3. e3 c5 4. c3 Nc6 5. Nf3 Qb6 6. Qb3 c4 7. Qc2 Bf5 8. Qc1 Nh5 9. Bg5 h6 10.
Bh4 g5 11. Bg3 Bg7 12. Nbd2 Nxg3 13. hxg3 e5 14. dxe5 Nxe5 15. Nxe5 Bxe5 16. Nf3 Bf6 17. Be2 O-O-O 18. Nd4 Bxd4 19. cxd4 h5 20. b3 Kb8 21. bxc4 dxc4 22. Qxc4 Rc8 23. Qb5 Qxb5 24. Bxb5 Rc2 25. O-O Be6 26. a4 Rhc8 27. Rfd1 Bd5 28. Bd3 Rb2 29. Bf5 Rc3 30. Rdc1 Rbb3 31. e4 Bc4 32. d5 Kc7 33. Rxc3 Rxc3 34. Rd1 Bb3 35. d6+ Kd8 36. Rd4 a5 37. e5 Rc1+ 38. Kh2 Rd1 39. Rxd1 Bxd1 40. g4 hxg4 41. Kg3 Bxa4 42. Kxg4 Bb3 43.
Kxg5 a4 44. Bb1 a3 45. Kf4 b5 46.
Ke3 b4 47. Kd2 Bd5 48. f4 Bxg2 49. Ba2 Ke8 50. f5 Bh3 51. e6 Bxf5 52. exf7+ Kf8 53. Ke3 Bd7 54. Kd4 Ba4 55. Kc5 b3 56. Bxb3 1-0